TOP OF THE 1ST |
Santa Clarita Music batting - Pitching for Ottawa Fat Cats : RHP Steve Sousa
|
Pitching: RHP Steve Sousa
|
|
Batting: RHB Art Cameron
|
0-0: Foul Ball, location: 2F 0-1: Ball 1-1: Reached on error, E5 (Groundball, 5)
|
Batting: RHB Travis Colbert
|
0-0: Called Strike Art Cameron is caught stealing 3rd base 0-1: Ball 1-1: Ball 2-1: Foul Ball, location: 2F 2-2: Strikes out looking
|
Batting: LHB Rubén Salazar
|
0-0: Called Strike 0-1: Called Strike 0-2: Ball 1-2: Ball 2-2: Ball 3-2: Fly out, F4 (Popup, 4S)
|
Top of the 1st over - 0 run(s), 0 hit(s), 1 error(s), 0 left on base; Santa Clarita 0 - Ottawa 0 |
BOTTOM OF THE 1ST |
Ottawa Fat Cats batting - Pitching for Santa Clarita Music : RHP John Gill
|
Pitching: RHP John Gill
|
|
Batting: RHB Lawrence Howard
|
0-0: SINGLE (Groundball, 5S) (infield hit)
|
Batting: RHB Luis Reynoso
|
0-0: Fielders Choice at 2nd, 6-4 (Groundball, 6M)
|
Batting: LHB Juan Hernández
|
0-0: Swinging Strike 0-1: Ball 1-1: Ball Single, Error in OF, E9, batter to second base Luis Reynoso to third
|
Batting: LHB Brent Haynes
|
0-0: Ball 1-0: Swinging Strike 1-1: Ground out 6-3 (Groundball, 6) Luis Reynoso scores Juan Hernández to third
|
Batting: RHB Ismael Hidalgo
|
0-0: Ball 1-0: Ball 2-0: Ball 3-0: Called Strike 3-1: SINGLE (Line Drive, 6) Juan Hernández scores
|
Batting: LHB Hidalgo García
|
0-0: Ball 1-0: Ball 2-0: Called Strike 2-1: Foul Ball, location: 2F 2-2: Foul Ball, location: 2F 2-2: Fly out, F8 (Flyball, 8RM)
|
Bottom of the 1st over - 2 run(s), 3 hit(s), 1 error(s), 1 left on base; Santa Clarita 0 - Ottawa 2 |
TOP OF THE 2ND |
Santa Clarita Music batting - Pitching for Ottawa Fat Cats : RHP Steve Sousa
|
Batting: RHB António Martínez
|
0-0: Called Strike 0-1: SINGLE (Groundball, 56D)
|
Batting: RHB Rickey Núñez
|
0-0: Ball 1-0: Foul Ball, location: 2F 1-1: Swinging Strike 1-2: Fly out, F9 (Flyball, 9S)
|
Batting: RHB Adam Gentry
|
0-0: Ball António Martínez steals 2nd base 1-0: Called Strike 1-1: SINGLE (Groundball, 34) António Martínez to third Runner from 3rd tries for Home, SAFE, throw made home Adam Gentry to second
|
Batting: RHB Joe Wiggs
|
0-0: Called Strike 0-1: Ball 1-1: Foul Ball, location: 2F 1-2: 2-RUN HOME RUN (Flyball, 9D), Distance : 366 ft
|
Batting: RHB Justin Geoghegan
|
0-0: Called Strike 0-1: Hit by Pitch
|
Pitching: LHP Bernard Zuccarello
|
|
Pinch Runner at 1st Steve Burton:
|
|
Batting: RHB Jake Belcher
|
0-0: Swinging Strike 0-1: Foul Ball, location: 2F 0-2: SINGLE (Groundball, 56) Steve Burton to second
|
Batting: RHB Art Cameron
|
0-0: Ball 1-0: Ball 2-0: Called Strike 2-1: Ball 3-1: Swinging Strike 3-2: Strikes out swinging
|
Batting: RHB Travis Colbert
|
0-0: Swinging Strike 0-1: Ball 1-1: Ball 2-1: Ball 3-1: Called Strike 3-2: Strikes out swinging
|
Top of the 2nd over - 3 run(s), 4 hit(s), 0 error(s), 2 left on base; Santa Clarita 3 - Ottawa 2 |
BOTTOM OF THE 2ND |
Ottawa Fat Cats batting - Pitching for Santa Clarita Music : RHP John Gill
|
Now at 2B: Steve Burton
|
|
Batting: LHB Felipe Rivera
|
0-0: Ball 1-0: Called Strike 1-1: Ball 2-1: Ball 3-1: SINGLE (Groundball, 34D)
|
Batting: RHB Ramiro Santana
|
0-0: Ball 1-0: Ball 2-0: Ball 3-0: Called Strike 3-1: Fielders Choice at 2nd, 1-6 (Groundball, 25)
|
Batting: LHB Justin Tubridy
|
0-0: Called Strike Ramiro Santana steals 2nd base 0-1: Called Strike 0-2: Foul Ball, location: 2F 0-2: Ball 1-2: Fly out, F8 (Flyball, 8LM) Runner from 2nd tags up, SAFE at 3rd with throw
|
Batting: RHB Lawrence Howard
|
0-0: Foul Ball, location: 2F 0-1: Called Strike 0-2: Fly out, F8 (Flyball, 8LM)
|
Bottom of the 2nd over - 0 run(s), 1 hit(s), 0 error(s), 1 left on base; Santa Clarita 3 - Ottawa 2 |
TOP OF THE 3RD |
Santa Clarita Music batting - Pitching for Ottawa Fat Cats : LHP Bernard Zuccarello
|
Batting: LHB Rubén Salazar
|
0-0: Called Strike 0-1: Ball 1-1: DOUBLE (Groundball, 3L)
|
Batting: RHB António Martínez
|
0-0: Swinging Strike 0-1: Swinging Strike 0-2: Fly out, F8 (Flyball, 8LM)
|
Batting: RHB Rickey Núñez
|
0-0: Foul Ball, location: 2F 0-1: Fly out, F4 (Popup, 34D)
|
Batting: RHB Adam Gentry
|
0-0: Foul Ball, location: 2F 0-1: Foul Ball, location: 2F 0-2: Ball 1-2: Foul Ball, location: 2F 1-2: Strikes out swinging
|
Top of the 3rd over - 0 run(s), 1 hit(s), 0 error(s), 1 left on base; Santa Clarita 3 - Ottawa 2 |
BOTTOM OF THE 3RD |
Ottawa Fat Cats batting - Pitching for Santa Clarita Music : RHP John Gill
|
Batting: RHB Luis Reynoso
|
0-0: Ball 1-0: Fly out, F6 (Popup, 6MD)
|
Batting: LHB Juan Hernández
|
0-0: Called Strike 0-1: Foul Ball, location: 2F 0-2: Fly out, F8 (Flyball, 8RM)
|
Batting: LHB Brent Haynes
|
0-0: Ball 1-0: Ball 2-0: Ground out 4-3 (Groundball, 4)
|
Bottom of the 3rd over - 0 run(s), 0 hit(s), 0 error(s), 0 left on base; Santa Clarita 3 - Ottawa 2 |
TOP OF THE 4TH |
Santa Clarita Music batting - Pitching for Ottawa Fat Cats : LHP Bernard Zuccarello
|
Batting: RHB Joe Wiggs
|
0-0: Ground out 3-1 (Groundball, 34)
|
Batting: RHB Steve Burton
|
0-0: Foul Ball, location: 2F 0-1: Ball 1-1: Fly out, F9 (Flyball, 89M)
|
Batting: RHB Jake Belcher
|
0-0: Called Strike 0-1: Foul Ball, location: 2F 0-2: Ball 1-2: Ball 2-2: Ball 3-2: Ground out 1-3 (Groundball, 25)
|
Top of the 4th over - 0 run(s), 0 hit(s), 0 error(s), 0 left on base; Santa Clarita 3 - Ottawa 2 |
BOTTOM OF THE 4TH |
Ottawa Fat Cats batting - Pitching for Santa Clarita Music : RHP John Gill
|
Batting: RHB Ismael Hidalgo
|
0-0: Ball 1-0: Ground out 4-3 (Groundball, 4)
|
Batting: LHB Hidalgo García
|
0-0: Swinging Strike 0-1: SINGLE (Groundball, 34D)
|
Batting: LHB Felipe Rivera
|
0-0: Called Strike 0-1: Swinging Strike 0-2: Grounds into double play, 6-4-3 (Groundball, 6M)
|
Bottom of the 4th over - 0 run(s), 1 hit(s), 0 error(s), 0 left on base; Santa Clarita 3 - Ottawa 2 |
TOP OF THE 5TH |
Santa Clarita Music batting - Pitching for Ottawa Fat Cats : LHP Bernard Zuccarello
|
Batting: RHB Art Cameron
|
0-0: Ball 1-0: Fly out, F9 (Flyball, 9S)
|
Batting: RHB Travis Colbert
|
0-0: Called Strike 0-1: Called Strike 0-2: Foul Ball, location: 2F 0-2: Foul Ball, location: 2F 0-2: Ball 1-2: Foul Ball, location: 2F 1-2: Foul Ball, location: 2F 1-2: Strikes out swinging
|
Batting: LHB Rubén Salazar
|
0-0: Foul Ball, location: 2F 0-1: DOUBLE (Groundball, 3L)
|
Batting: RHB António Martínez
|
0-0: Intentional Walk
|
Batting: RHB Rickey Núñez
|
0-0: Called Strike 0-1: Ball 1-1: Ball 2-1: Foul Ball, location: 2F 2-2: Strikes out swinging
|
Top of the 5th over - 0 run(s), 1 hit(s), 0 error(s), 2 left on base; Santa Clarita 3 - Ottawa 2 |
BOTTOM OF THE 5TH |
Ottawa Fat Cats batting - Pitching for Santa Clarita Music : RHP John Gill
|
Batting: RHB Ramiro Santana
|
0-0: Ball 1-0: Foul Ball, location: 2F 1-1: Fly out, F9 (Flyball, 9M)
|
Batting: LHB Justin Tubridy
|
0-0: Ball 1-0: Ball 2-0: Called Strike 2-1: Ground out 4-3 (Groundball, 4)
|
Batting: RHB Lawrence Howard
|
0-0: Ball 1-0: Called Strike 1-1: Swinging Strike 1-2: Ball 2-2: Fly out, F3 (Popup, 3SF)
|
Bottom of the 5th over - 0 run(s), 0 hit(s), 0 error(s), 0 left on base; Santa Clarita 3 - Ottawa 2 |
TOP OF THE 6TH |
Santa Clarita Music batting - Pitching for Ottawa Fat Cats : LHP Bernard Zuccarello
|
Batting: RHB Adam Gentry
|
0-0: Ground out 5-3 (Groundball, 5S)
|
Batting: RHB Joe Wiggs
|
0-0: Ball 1-0: Called Strike 1-1: Ball 2-1: Called Strike 2-2: Fly out, F9 (Line Drive, 89M)
|
Batting: RHB Steve Burton
|
0-0: Ball 1-0: Foul Ball, location: 2F 1-1: SINGLE (Groundball, 6M)
|
Batting: RHB Jake Belcher
|
0-0: Ball 1-0: Foul Ball, location: 2F 1-1: Foul Ball, location: 2F 1-2: Strikes out swinging
|
Top of the 6th over - 0 run(s), 1 hit(s), 0 error(s), 1 left on base; Santa Clarita 3 - Ottawa 2 |
BOTTOM OF THE 6TH |
Ottawa Fat Cats batting - Pitching for Santa Clarita Music : RHP John Gill
|
Batting: RHB Luis Reynoso
|
0-0: Ball 1-0: Foul Ball, location: 2F 1-1: Reached on error, E5 (Groundball, 5S)
|
Batting: LHB Juan Hernández
|
0-0: Grounds into double play, U4-3 (Groundball, 4)
|
Batting: LHB Brent Haynes
|
0-0: Ball 1-0: Fly out, F7 (Line Drive, 78M)
|
Bottom of the 6th over - 0 run(s), 0 hit(s), 1 error(s), 0 left on base; Santa Clarita 3 - Ottawa 2 |
TOP OF THE 7TH |
Santa Clarita Music batting - Pitching for Ottawa Fat Cats : LHP Bernard Zuccarello
|
Pitching: RHP Ken Edwards
|
|
Batting: RHB Art Cameron
|
0-0: Called Strike 0-1: Ball 1-1: Ball 2-1: Foul Ball, location: 2F 2-2: Fly out, F9 (Flyball, 89XD)
|
Batting: RHB Travis Colbert
|
0-0: Foul Ball, location: 2F 0-1: Foul Ball, location: 2F 0-2: Strikes out swinging
|
Pitching: LHP Tim Burrell
|
|
Batting: LHB Rubén Salazar
|
0-0: Ball 1-0: Ball 2-0: Called Strike 2-1: Called Strike 2-2: Foul Ball, location: 2F 2-2: Strikes out swinging
|
Top of the 7th over - 0 run(s), 0 hit(s), 0 error(s), 0 left on base; Santa Clarita 3 - Ottawa 2 |
BOTTOM OF THE 7TH |
Ottawa Fat Cats batting - Pitching for Santa Clarita Music : RHP John Gill
|
Batting: RHB Ismael Hidalgo
|
0-0: Ball 1-0: Foul Ball, location: 2F 1-1: Ball 2-1: Ball 3-1: Base on Balls
|
Batting: LHB Hidalgo García
|
0-0: Ball 1-0: Sac Bunt - play at second, runner OUT! 3-6
|
Pinch Hitting: LHB Miguel Pérez
|
0-0: SINGLE (Flyball, 78S) Hidalgo García to second
|
Batting: RHB Ramiro Santana
|
0-0: Ball 1-0: Foul Ball, location: 2F 1-1: Ground out 5-3 (Groundball, 5) Hidalgo García to third Miguel Pérez to second
|
Pitching: RHP Miguel Reyes
|
|
Pinch Hitting: LHB Eric Dillard
|
0-0: Ball 1-0: Foul Ball, location: 2F 1-1: Foul Ball, location: 2F 1-2: Ground out 6-3 (Groundball, 6M)
|
Bottom of the 7th over - 0 run(s), 1 hit(s), 0 error(s), 2 left on base; Santa Clarita 3 - Ottawa 2 |
TOP OF THE 8TH |
Santa Clarita Music batting - Pitching for Ottawa Fat Cats : LHP Tim Burrell
|
Pitching: LHP Miguel Angel Meléndez
|
|
Now at SS: António Ramírez
|
|
Now in CF: Eric Dillard
|
|
Batting: RHB António Martínez
|
0-0: Foul Ball, location: 2F 0-1: Ball 1-1: Fly out, F7 (Flyball, 7D)
|
Batting: RHB Rickey Núñez
|
0-0: Ground out 5-3 (Groundball, 56)
|
Batting: RHB Adam Gentry
|
0-0: Ground out 6-3 (Groundball, 6)
|
Top of the 8th over - 0 run(s), 0 hit(s), 0 error(s), 0 left on base; Santa Clarita 3 - Ottawa 2 |
BOTTOM OF THE 8TH |
Ottawa Fat Cats batting - Pitching for Santa Clarita Music : RHP Miguel Reyes
|
Batting: RHB Lawrence Howard
|
0-0: Ball 1-0: Called Strike 1-1: Fly out, F9 (Flyball, 9M)
|
Batting: RHB Luis Reynoso
|
0-0: Ball 1-0: Swinging Strike 1-1: Fly out, F7 (Flyball, 7LM)
|
Pitching: LHP Tony Sandoval
|
|
Batting: LHB Juan Hernández
|
0-0: Swinging Strike 0-1: Ball 1-1: SINGLE (Groundball, 4MD)
|
Batting: LHB Brent Haynes
|
0-0: Ball 1-0: Ball 2-0: Ball 3-0: Called Strike 3-1: Foul Ball, location: 2F 3-2: Foul Ball, location: 2F 3-2: Foul Ball, location: 2F 3-2: Ground out 5-3 (Groundball, 56)
|
Bottom of the 8th over - 0 run(s), 1 hit(s), 0 error(s), 1 left on base; Santa Clarita 3 - Ottawa 2 |
TOP OF THE 9TH |
Santa Clarita Music batting - Pitching for Ottawa Fat Cats : LHP Miguel Angel Meléndez
|
Batting: RHB Joe Wiggs
|
0-0: Ball 1-0: Ball 2-0: Swinging Strike 2-1: Called Strike 2-2: Strikes out swinging
|
Batting: RHB Steve Burton
|
0-0: Ball 1-0: Ball 2-0: Called Strike 2-1: Called Strike 2-2: Strikes out looking
|
Batting: RHB Jake Belcher
|
0-0: Swinging Strike 0-1: Ground out 5-3 (Groundball, 5)
|
Top of the 9th over - 0 run(s), 0 hit(s), 0 error(s), 0 left on base; Santa Clarita 3 - Ottawa 2 |
BOTTOM OF THE 9TH |
Ottawa Fat Cats batting - Pitching for Santa Clarita Music : LHP Tony Sandoval
|
Batting: RHB Ismael Hidalgo
|
0-0: Called Strike 0-1: Ball 1-1: Ball 2-1: Ball 3-1: Ground out 6-3 (Groundball, 6S)
|
Batting: LHB Hidalgo García
|
0-0: Foul Ball, location: 2F 0-1: Foul Ball, location: 2F 0-2: Ball 1-2: Strikes out looking
|
Batting: SHB António Ramírez
|
0-0: Fly out, F6 (Popup, 7LS)
|
Bottom of the 9th over - 0 run(s), 0 hit(s), 0 error(s), 0 left on base; Santa Clarita 3 - Ottawa 2 |
|